 Dungeon Crawl Stone Soup version 0.28-a0-823-gb444dcf96d (webtiles) character file.

Game seed: 14561210803642333440

118 Zenkrye the Insei (level 5, -3/34 HPs)
             Began as an Octopode Transmuter on Nov 9, 2021.
             Was a Believer of Cheibriados.
             Slain by Terence (5 damage)
             ... on level 3 of the Dungeon.
             The game lasted 00:04:37 (2278 turns).

Zenkrye the Insei (Octopode Transmuter)             Turns: 2278, Time: 00:04:37

Health: -3/34      AC:  1    Str: 13    XL:     5   Next: 2%
Magic:  2/8        EV: 13    Int: 20    God:    Cheibriados [**....]
Gold:   58         SH:  0    Dex: 17    Spells: 4/8 levels left

rFire   . . .      SeeInvis .     - Unarmed
rCold   . . .      Faith    .   (no shield)
rNeg    . . .      Spirit   .   (helmet restricted)
rPois   .          Reflect  .   (no amulet)
rElec   .          Harm     .   (no ring)
rCorr   .          Rampage  .   (no ring)
Will    .....                   (no ring)
Stlth   +++.......              (no ring)
HPRegen 0.11/turn               (no ring)
MPRegen 0.11/turn               (no ring)
                                (no ring)
                                (no ring)

@: very slightly contaminated, very slow
A: almost no armour, amphibious, 8 rings, camouflage 1, gelatinous body 1,
(nimble swimmer 1), tentacles
a: Renounce Religion, Bend Time


You were on level 3 of the Dungeon.
You worshipped Cheibriados.
Cheibriados was pleased with you.
You visited 1 branch of the dungeon, and saw 3 of its levels.

You collected 58 gold pieces.

Inventory:

Hand Weapons
 g - a +0 hunting sling {@w2}
Missiles
 d - 2 boomerangs (quivered)
 h - 93 stones
Scrolls
 a - a scroll of acquirement {unknown}
 b - a scroll of silence {unknown}
 f - a scroll of holy word
 i - a scroll of amnesia {unknown}
Potions
 c - a potion of heal wounds {unknown}
 e - a potion of resistance {unknown}
 j - a potion of magic {unknown}
 k - a potion of might {unknown}


   Skills:
 + Level 2.2 Fighting
 + Level 2.0 Dodging
 + Level 3.6 Unarmed Combat
 + Level 2.0 Spellcasting
 + Level 3.3 Transmutations
 - Level 2.0 Poison Magic


You had 4 spell levels left.
You knew the following spells:

 Your Spells              Type           Power      Damage    Failure   Level
a - Beastly Appendage     Tmut           30%        N/A       4%          1
b - Spider Form           Tmut/Pois      12%        N/A       16%         3

Your spell library contained the following spells:

 Spells                   Type           Power      Damage    Failure   Level
 Wereblood                Tmut           15%        N/A       6%          2
 Passwall                 Tmut/Erth      6%         N/A       12%         2
 Swiftness                Air            2%         N/A       43%         3
 Ice Form                 Ice/Tmut       8%         N/A       61%         4
 Invisibility             Hex            1%         N/A       100%        6


Dungeon Overview and Level Annotations

Branches:
Dungeon (3/15)

Altars:
Cheibriados
Sif Muna

Annotations:
D:3 Terence


Innate Abilities, Weirdness & Mutations

You cannot wear most types of armour.
You are amphibious.
You can wear up to eight rings at the same time.
Your skin changes colour to match your surroundings (Stealth+).
Your rubbery body absorbs attacks. (AC +1, EV +1)
((You are camouflaged near water. (Stealth+)))
You have tentacles for arms and can constrict up to eight enemies at once.


Message History

Cheibriados appreciates the change of pace.
You hit Terence but do no damage. Terence barely misses you.
You hit Terence.
Terence is poisoned.
Terence is moderately wounded.
You hit Terence.
Terence is heavily wounded.
Terence misses you.
You barely miss Terence.
Terence is heavily wounded.
Terence closely misses you.
You hit Terence.
Terence is severely wounded.
Your transformation has ended.
Terence misses you.
You barely miss Terence. Your grab misses Terence.
Terence is severely wounded.
Terence hits you with a +0 flail!
You are too injured to fight recklessly!
You closely miss Terence. You grab Terence.
You squeeze Terence, but do no damage.
Terence is severely wounded.
You constrict Terence, but do no damage.
Terence closely misses you.
Casting: Spider Form (quite dangerous; 16% risk of failure)
Confirm with . or Enter, or press ? or * to list all spells.
The spell is quite dangerous to cast (16% risk of failure)!
Continue anyway?
You miscast Spider Form.
You are very lightly contaminated with residual magic.
Nothing appears to happen.
You constrict Terence, but do no damage.
Terence hits you with a +0 flail!
* * * LOW HITPOINT WARNING * * *
Casting: Spider Form (quite dangerous; 16% risk of failure)
Confirm with . or Enter, or press ? or * to list all spells.
You don't have enough magic to cast this spell.
You tentacle-slap Terence but do no damage.
Your squeeze misses Terence.
Terence is severely wounded.
You constrict Terence. Terence hits you with a +0 flail.
You die...

...# ..## ...# ....8#
#........ ...# ....#
#....<... ##.# 8...8#
####........ ...# ##>##
.. ........[ ##.#######
##. .........
###...#..###.. #........
..#...#.......##.†......
#.....#..###.†##@@......
###..........#).)...?...
..........####.###......
..#.....................
###...###..###......#...
....... ##.# #..........
###....###'###...####. .
####.###≈≈.≈≈##..# ## .#
#.##≈≈≈.≈≈≈##..


You could see Terence (poisoned).

Vanquished Creatures
  An ogre (D:3)
  A gnoll (D:2)
  A dart slug (D:1)
  4 endoplasms
  A giant cockroach (D:2)
  A goblin (D:3)
  A hobgoblin (D:3)
  2 jackals (D:3)
  3 kobolds
  2 quokkas
  3 ball pythons
  4 bats
  2 rats
26 creatures vanquished.

Notes
Turn   | Place    | Note
-------+----------+-------------------------------------------
     0 | D:1      | Zenkrye the Octopode Transmuter began the quest for the
                  | Orb.
     0 | D:1      | Reached XP level 1. HP: 13/13 MP: 3/3
   635 | D:1      | Reached XP level 2. HP: 1/18 MP: 3/5
  1581 | D:2      | Found a faded altar of an unknown god.
  1589 | D:2      | Prayed at the altar of an unknown god.
  1589 | D:2      | Became a worshipper of Cheibriados the Contemplative
  1589 | D:2      | Reached * piety under Cheibriados
  1815 | D:2      | Reached XP level 3. HP: 24/24 MP: 4/6
  1819 | D:2      | Learned a level 3 spell: Spider Form
  1849 | D:3      | Noticed an ogre
  1954 | D:3      | Killed an ogre
  1955 | D:3      | Reached XP level 4. HP: 29/29 MP: 3/7
  2237 | D:3      | Found a shimmering blue altar of Sif Muna.
  2264 | D:3      | Noticed Terence
  2265 | D:3      | Reached XP level 5. HP: 27/34 MP: 4/8
  2266 | D:3      | Reached ** piety under Cheibriados
  2278 | D:3      | Slain by Terence

Illustrated notes

Levels and vault maps discovered:
D:1:      amcnicky_arrival_flooded_fountain, layout_basic, minmay_bisected
D:2:      layout_loops_ring, serial_co_window_serial, co_window_corner_a,
          co_window_paths_a, co_window_of_opportunity_a, co_window_paths_a,
          co_window_paths_a, co_window_corner_b, co_window_cross_4,
          co_window_unsneaky_path_c, co_window_broadway_c, co_window_broadway_a,
          co_window_broadway_b, co_window_4corner_b, glass_columns_b,
          glass_columns_b, glass_columns_a, chequers_ecumenical_altar_island
D:3:      minmay_evil_eye, layout_rooms, led_sif_pool,
          nicolae_overflow_hidden_temple, uniq_terence

Skill      XL: |  1  2  3 |
---------------+----------+-----
Fighting       | 2 |  2.2
Transmutations | 3 |  3.3
Poison Magic   | 2 |  2.0
Dodging        | |  2.0
Unarmed Combat | |  3.6
Spellcasting   | |  2.0

Action                   |  1- 3 |  4- 6 || total
-------------------------+-------+-------++-------
Melee: Unarmed           |    24 |    22 ||    46
       Constrict         |     4 |     2 ||     6
       Kick              |     4 |     1 ||     5
       Punch             |       |     1 ||     1
       Tentacles         |       |     1 ||     1
 Fire: Hunting sling     |    38 |       ||    38
Throw: Boomerang         |       |     4 ||     4
 Cast: Beastly Appendage |     8 |     1 ||     9
       Spider Form       |     1 |     1 ||     2
 Abil: End Transformatio |       |     1 ||     1
  Use: Scroll            |     4 |       ||     4
 Stab: Sleeping          |     1 |       ||     1
Armor: Skin              |     2 |     2 ||     4
Dodge: Dodged            |    22 |    16 ||    38

Table legend: (Time is in decaauts)
 A = Elapsed time spent in this place.
 B = Non-inter-level travel time spent in this place.
 C = Inter-level travel time spent in this place.
 D = Time resting spent in this place.
 E = Time spent auto-exploring this place.
 F = Levels seen in this place.
 G = Mean time per level.
                   A        B        C        D        E       F      G
               +--------+--------+--------+--------+--------+-----+--------+
         Total |   2442 |   2390 |     52 |    269 |   1804 |   3 |  814.0 |
       Dungeon |   2442 |   2390 |     52 |    269 |   1804 |   3 |  814.0 |
               +--------+--------+--------+--------+--------+-----+--------+

Top non-repeatable levels by time:
     D:1: 1434 daAuts
     D:3: 526 daAuts
     D:2: 480 daAuts
